 Dungeon Crawl Stone Soup version 0.17.1-3-g152610e (webtiles) character file.

295 Peloso the Shield-Bearer (level 6, -1/55 HPs)
             Began as a Minotaur Fighter on Mar 2, 2016.
             Killed by divine providence
             ... invoked by an orc priest
              (11 damage)
             ... on level 4 of the Dungeon.
             The game lasted 00:06:39 (2595 turns).

Peloso the Shield-Bearer (Minotaur Fighter)         Turns: 2595, Time: 00:06:39

Health: -1/55      AC: 12    Str: 21    XL:     6   Next: 11%
Magic:  5/5        EV:  6    Int:  5    God:
Gold:   169        SH: 10    Dex: 11    Spells: 0 memorised, 5 levels left

rFire  . . .     SeeInvis .     a - +0 long sword
rCold  . . .     Clarity  .     i - +0 chain mail (curse)
rNeg   . . .     SustAt   .     c - +0 shield
rPois  +         Gourm    .     (helmet restricted)
rElec  .         Spirit   .     (no cloak)
rCorr  .         Warding  .     u - +1 pair of gloves
rMut   .         Stasis   .     (no boots)
MR     .....                    (no amulet)
Stlth  ..........               (no ring)
                                s - ring of poison resistance

@: not resistant to hostile enchantments, extremely unstealthy
A: retaliatory headbutt, horns 2
a: no special abilities


You were on level 4 of the Dungeon.
You were hungry.

You visited 1 branch of the dungeon, and saw 4 of its levels.

You collected 169 gold pieces.

Inventory:

Hand Weapons
 a - a +0 long sword (weapon)
 j - a cursed -3 short sword
 r - a +0 antimagic short sword
Armour
 b - a +0 scale mail
 c - a +0 shield (worn)
 i - a cursed +0 chain mail (worn)
 u - a +1 pair of gloves (worn)
 v - a +2 cloak
Jewellery
 s - a ring of poison resistance (left hand)
Scrolls
 g - 4 scrolls of identify {unknown}
 h - a scroll of amnesia {unknown}
 k - a scroll of teleportation {unknown}
 l - a scroll of enchant weapon {unknown}
 m - a scroll of remove curse {unknown}
 o - 2 scrolls of recharging {unknown}
 p - 3 scrolls of enchant armour {unknown}
 q - 2 scrolls of fog {unknown}
Potions
 d - a potion of might
 f - 2 potions of mutation {unknown}
 t - a potion of haste {unknown}
Comestibles
 e - 4 bread rations
 n - a meat ration


   Skills:
 + Level 4.8 Fighting
 + Level 3.4 Long Blades
 + Level 5.2 Armour
 + Level 1.2 Dodging
 + Level 0.1 Stealth
 + Level 5.7 Shields


You had 5 spell levels left.
You didn't know any spells.

Dungeon Overview and Level Annotations

Branches:
Dungeon (4/15)
 Temple: D:4-7

Altars:

Annotations:
D:4 Sigmund


Innate Abilities, Weirdness & Mutations

You reflexively headbutt those who attack you in melee.
You have a pair of horns on your head.


Message History

Your headbutt misses the orc priest. The orc priest barely misses you.
You furiously retaliate!
You headbutt the orc priest. The orc priest barely misses you.
The orc priest mumbles some strange prayers to Beogh against you.
Something smites you!
The orc priest hits you but does no damage.
You hit the orc priest.
The orc priest is lightly wounded.
You block the orc priest's attack.
The orc priest hits you but does no damage.
Unknown command.
You closely miss the orc priest.
The orc priest is lightly wounded.
The orc priest invokes the aid of Beogh against you.
Something smites you!
* * * LOW HITPOINT WARNING * * *
The orc priest hits you but does no damage.
The orc priest calls down the wrath of Beogh upon you.
Something smites you!
You die...

.... ...#..
#.. #.#
####### ##..
### ... #.. .
#.. #.# ...
#.. #.#
....#.[ #.#
.....oo#####.#
#.o@>...#
#######.# ..
#.# #. #.# .#
#.###.####.#
#..).........
##.##......##
#.#######(# #
#.# #.# .####


You could see 3 orc priests.

Vanquished Creatures
  The ghost of dertzug the Ducker, an amateur TrBe of Trog (D:3)
  An orc wizard (D:4)
  An orc priest (D:3)
  A worker ant (D:4)
  3 adders (D:3)
  3 giant geckos
  12 orcs
  2 giant cockroaches
  14 goblins
  6 hobgoblins
  2 jackals (D:2)
  A quokka (D:2)
  3 ball pythons
  11 bats
  5 giant newts
  6 kobolds
  6 rats
78 creatures vanquished.

Notes
Turn   | Place    | Note
--------------------------------------------------------------
     0 | D:1      | Peloso the Minotaur Fighter began the quest for the Orb.
     0 | D:1      | Reached XP level 1. HP: 19/19 MP: 0/0
   404 | D:1      | Reached skill level 4 in Fighting
   412 | D:1      | Reached XP level 2. HP: 22/27 MP: 1/1
   713 | D:1      | Reached XP level 3. HP: 32/34 MP: 2/2
  1860 | D:3      | Reached XP level 4. HP: 25/41 MP: 3/3
  1867 | D:3      | Reached skill level 1 in Dodging
  1960 | D:3      | Noticed dertzug's ghost (amateur TrBe)
  1979 | D:3      | Killed dertzug's ghost
  1979 | D:3      | Reached skill level 5 in Shields
  1979 | D:3      | Reached XP level 5. HP: 22/47 MP: 4/4
  2217 | D:3      | Reached skill level 5 in Armour
  2459 | D:4      | Reached XP level 6. HP: 43/55 MP: 5/5
  2464 | D:4      | Noticed Sigmund
  2595 | D:4      | Killed from afar by an orc priest

Action                   |  1- 3 |  4- 6 || total
-------------------------+-------+-------++-------
Melee: Long sword        |   159 |    97 ||   256
  Eat: Chunk             |     3 |     2 ||     5
